 Dungeon Crawl Stone Soup version 0.26.1-2-gb8aa6d0cf2 (console) character file.

Game seed: 6801034282981814382

3976 om the Protected (level 10, -3/59 HPs)
             Began as a Gargoyle Fighter on Feb 19, 2021.
             Was a Believer of Ru.
             Killed from afar by an ice statue (5 damage)
             ... with a shard of ice
             ... on level 9 of the Dungeon.
             The game lasted 00:15:54 (8584 turns).

om the Protected (Gargoyle Fighter)                 Turns: 8584, Time: 00:15:54

Health: -3/59      AC: 15    Str: 21    XL:     10   Next: 22%
Magic:  10/10      EV: 12    Int:  8    God:    Ru [**....]
Gold:   557        SH: 16    Dex: 12    Spells: 9/9 levels left

rFire    + . .     SeeInvis .   o - +2 morningstar (freeze)
rCold    + + +     Faith    .   c - +0 kite shield
rNeg     + . .     Spirit   .   y - +1 ring mail {rC+}
rPois    ∞         Reflect  +   (no helmet)
rElec    +         Harm     .   (no cloak)
rCorr    +         Rampage  .   (no gloves)
Will     .....                  (no boots)
Stlth    +.........             i - amulet of reflection
HPRegen  0.19/turn              g - +4 ring of slaying
MPRegen  0.12/turn              z - ring of protection from cold

@: resistant
A: negative energy resistance 1, electricity resistance, unbreathing,
petrification resistance, miasma immunity, inability to use devices, AC +7
a: Renounce Religion


You were on level 9 of the Dungeon.
You worshipped Ru.
Ru was pleased with you.
You visited 1 branch of the dungeon, and saw 9 of its levels.

You collected 557 gold pieces.

Inventory:

Hand Weapons
 o - a +2 morningstar of freezing (weapon)
 A - a +4 flail
Armour
 c - a +0 kite shield (worn)
 y - a +1 ring mail of cold resistance (worn)
Jewellery
 g - a +4 ring of slaying (left hand)
 i - an amulet of reflection (around neck)
 s - an uncursed ring of see invisible
 w - an uncursed ring of stealth
 x - a +4 ring of protection
 z - a ring of protection from cold (right hand)
Scrolls
 a - a scroll of brand weapon {unknown}
 b - 2 scrolls of enchant weapon {unknown}
 d - 2 scrolls of immolation {unknown}
 f - 9 scrolls of remove curse
 h - 4 scrolls of teleportation
 l - 2 scrolls of magic mapping {unknown}
 m - a scroll of fog {unknown}
 n - 2 scrolls of amnesia {unknown}
 p - 3 scrolls of enchant armour
 r - a scroll of blinking {unknown}
 v - 2 scrolls of fear {unknown}
Potions
 j - 6 potions of curing
 k - a potion of flight
 q - 3 potions of invisibility {unknown}
 t - 2 potions of haste
 u - a potion of degeneration {unknown}
 B - a potion of might


   Skills:
 - Level 5.0 Fighting
 - Level 8.0 Maces & Flails
 + Level 8.2 Armour
 - Level 6.0 Dodging
 + Level 7.6 Shields


You had 9 spell levels left.
You didn't know any spells.
Your spell library was empty.

Dungeon Overview and Level Annotations

Branches:
Dungeon (9/15)             Temple (0/1) D:6
   Lair: D:8-11         Orc: D:9-12

Altars:
Cheibriados
Elyvilon
Gozag
Ru
Trog
Wu Jian
Xom
Yredelemnul
Zin

Shops:
D:4 *   D:6 [*

Annotations:
D:3 3 runed translucent doors, bitter's ghost, amateur DsBe
D:7 1 runed translucent door, Crazy Yiuf; Maggie
D:9 exclusion: ice statue


Innate Abilities, Weirdness & Mutations

You are resistant to torment.
Your stone body is resilient. (AC +7)
You are immune to poison.
You resist negative energy. (rN+)
You are resistant to electric shocks. (rElec)
You can survive without breathing.
You are immune to petrification.
You are immune to miasma.
You cannot study or use magical devices.


Message History

The ice statue is severely damaged.
The ice beast barely misses you.
You hit the ice statue but do no damage.
The ice statue is severely damaged.
You block the ice beast's attack.
You hit the ice statue but do no damage.
The ice statue is severely damaged.
The ice statue gestures.
The ice beast barely misses you. The ice statue gestures at you.
The freezing blast engulfs you. You resist.
* * * LOW HITPOINT WARNING * * *
You hit the ice statue.
The ice statue is severely damaged.
You are engulfed in freezing vapours.
You resist.
* * * LOW HITPOINT WARNING * * *
You block the ice beast's attack. The ice statue gestures at you.
The shard of ice hits you. You partially resist.
You die...

.##)##..#..######.#### #.# #.
.##)#####..#........# #.#
.##<#####..######.#.#####)######.
.......##..# ###.#.#............
###.##.##..# #...#.#.##########.
#.# ##..## #.###.#.# #.# #...#
#.# #.#.# #.# #...###.###.#.#
#### ##... #...○###....#.# #..
....# #...°°○######.# #.# #..##
#....○°Y@8# #.#####.#####
#..○°..#### #............
#....### #######.##### #...##
#P88)# #...# #8P..## #..##
#8....# #..# #####.....### #..#
#.. ............... #†.# #.#
#.#######.##### #.# #..# #.# #.#
#.# #.# #..# #.# #.# #.#####


You could see an ice statue (corona) and an ice beast (summoned).

Vanquished Creatures
  Prince Ribbit (D:7)
  A wyvern (D:8)
  Menkaure (D:6)
  A soldier ant (D:9)
  A water moccasin (D:9)
  A hornet zombie (D:9)
  2 black bears
  An ogre (D:6)
  3 ice beasts
  A necrophage (D:9)
  An orc warrior (D:6)
  3 centaurs
  5 bullfrogs
  2 scorpions
  6 killer bees
  3 howler monkeys
  13 wights
  3 orc priests
  2 hounds
  4 jellies
  3 iguanas
  Ijyb (D:3)
  7 orc wizards
  Natasha (thrice) (D:3)
  4 worker ants
  2 mummies (D:9)
  6 gnolls (D:3)
  7 adders
  A shadow imp (D:8)
  2 white imps (D:5)
  An ufetubus (D:6)
  An ooze (D:5)
  4 adder zombies
  3 worms
  3 dart slugs
  3 leopard geckos
  20 orcs
  A ball python (D:4)
  11 bats
  7 giant cockroaches
  2 gnoll zombies (D:3)
  7 goblins
  6 hobgoblins
  3 quokkas
  A frilled lizard (D:3)
  5 kobolds
  2 rats (D:1)
171 creatures vanquished.

Vanquished Creatures (others)
  15 plants (D:4)
  A withered plant (D:9)
16 creatures vanquished.

Grand Total: 187 creatures vanquished

Notes
Turn   | Place    | Note
-------+----------+-------------------------------------------
     0 | D:1      | om the Gargoyle Fighter began the quest for the Orb.
     0 | D:1      | Reached XP level 1. HP: 14/14 MP: 1/1
   236 | D:1      | Reached XP level 2. HP: 17/19 MP: 2/2
   742 | D:1      | Reached XP level 3. HP: 18/23 MP: 3/3
  1005 | D:2      | Reached XP level 4. HP: 29/29 MP: 4/4
  1270 | D:2      | Reached skill level 1 in Dodging
  1312 | D:2      | You fall into a shaft and drop 1 floor!
  1388 | D:3      | Noticed Ijyb
  1393 | D:3      | Paralysed by Ijyb for 7 turns
  1402 | D:3      | Paralysed by Ijyb for 7 turns
  1411 | D:3      | Killed Ijyb
  1442 | D:3      | Found a runed translucent gate.
  1443 | D:3      | Found a runed translucent gate.
  1538 | D:3      | Reached XP level 5. HP: 33/33 MP: 5/5
  1983 | D:3      | Noticed Natasha
  1988 | D:3      | Killed Natasha
  2108 | D:3      | Noticed Natasha
  2118 | D:3      | Killed Natasha
  2335 | D:3      | Noticed Natasha
  2336 | D:3      | Found a runed translucent gate.
  2340 | D:3      | Killed Natasha
  2341 | D:3      | Reached XP level 6. HP: 35/38 MP: 6/6
  2341 | D:3      | Noticed bitter's ghost (amateur DsBe)
  2614 | D:3      | Found a basalt altar of Yredelemnul.
  3277 | D:4      | Reached XP level 7. HP: 40/43 MP: 7/7
  3423 | D:4      | Reached skill level 5 in Maces & Flails
  3491 | D:4      | Reached skill level 5 in Armour
  3948 | D:4      | Found Zin's Purification Station.
  3948 | D:4      | Found a glowing silver altar of Zin.
  4220 | D:5      | Entered Level 5 of the Dungeon
  4355 | D:5      | Found a bloodstained altar of Trog.
  4362 | D:5      | Reached XP level 8. HP: 42/48 MP: 8/8
  4760 | D:5      | Found a sacrificial altar of Ru.
  4871 | D:6      | Found a staircase to the Ecumenical Temple.
  4960 | D:6      | Reached skill level 5 in Dodging
  5069 | D:6      | Found Vyaf's Mayhem Merchandise.
  5169 | D:6      | Found a shimmering altar of Xom.
  5176 | D:6      | Found a shimmering altar of Xom.
  5177 | D:6      | Found a shimmering altar of Xom.
  5177 | D:6      | Found a shimmering altar of Xom.
  5177 | D:6      | Noticed Menkaure
  5178 | D:6      | Found a shimmering altar of Xom.
  5178 | D:6      | Found a shimmering altar of Xom.
  5178 | D:6      | Found a shimmering altar of Xom.
  5185 | D:6      | Killed Menkaure
  5192 | D:6      | Reached skill level 5 in Fighting
  5462 | D:6      | Found Onarphe's Armour Shoppe.
  5564 | D:5      | Became a worshipper of Ru the Awakened
  5631 | D:6      | Reached XP level 9. HP: 54/54 MP: 9/9
  5999 | D:6      | Found an opulent altar of Gozag.
  6237 | D:7      | Noticed Prince Ribbit
  6252 | D:7      | Killed Prince Ribbit
  6466 | D:7      | Found an ornate altar of the Wu Jian Council.
  6477 | D:7      | Reached skill level 5 in Shields
  6730 | D:7      | Found a runed translucent door.
  6730 | D:7      | Noticed Maggie
  6731 | D:7      | Noticed Crazy Yiuf
  7105 | D:8      | Found a snail-covered altar of Cheibriados.
  7157 | D:8      | Gained mutation: You cannot study or use magical devices.
                  | [Ru sacrifice]
  7157 | D:8      | Reached * piety under Ru
  7157 | D:8      | Reached ** piety under Ru
  7450 | D:8      | Found a white marble altar of Elyvilon.
  7954 | D:9      | Reached XP level 10. HP: 37/59 MP: 10/10
  8541 | D:9      | Noticed an ice statue
  8584 | D:9      | HP: 2/59 [ice statue] (4)]
  8584 | D:9      | Killed from afar by an ice statue

Illustrated notes

Levels and vault maps discovered:
D:1:      nicolae_arrival_washed_ashore, layout_basic
D:2:      layout_rooms, minmay_misc_feat_plants
D:3:      layout_loops_ring, lemuel_zombie_altar_yredelemnul,
          ebering_ghost_rock_garden, nrook_loot_triangle, uniq_ijyb,
          uniq_natasha
D:4:      layout_cave_pools, zin_purify, serial_bayou, serial_bayou_shore_a,
          serial_bayou_crossing, serial_bayou_lagoon_a, serial_bayou_shore_b,
          hangedman_decor_opposing
D:5:      layout_basic, kennysheep_mini_moat, overflow_temple_1_default,
          serial_glass, glass_columns_a, glass_columns_b
D:6:      layout_loops_ring, xom_redecorated, grunt_gozag_breadcrumbs,
          nicolae_overflow_hidden_temple, minmay_temple_entry_junction,
          serial_shops, shop, minmay_shop_mayhem, uniq_menkaure
D:7:      layout_cave_pools, overflow_temple_1_default, uniq_prince_ribbit1,
          uniq_crazy_yiuf_cottage, uniq_maggie
D:8:      layout_gridville, cheibrodos_worm_habitat, basic_altar,
          lemuel_old_faithful
D:9:      minmay_statue_hallways, layout_loops_ring, serial_undead,
          serial_undead_f, serial_undead_f, serial_undead_c, serial_undead_e,
          serial_undead_c, serial_undead_a

Skill      XL: |  1  2  3  4  5  6  7  8  9 10 |
---------------+-------------------------------+-----
Maces & Flails | 3 4 6 7 8 |  8.0
Dodging        | 1 2 4 5 6 |  6.0
Armour         | 4 5 7 8 |  8.2
Fighting       | 4 5 |  5.0
Shields        | 4 6 7 |  7.6

Action                   |  1- 3 |  4- 6 |  7- 9 | 10-12 || total
-------------------------+-------+-------+-------+-------++-------
Melee: Flail             |    89 |   185 |   280 |       ||   554
       Morningstar       |       |       |    28 |    81 ||   109
Invok: Sacrifice Artific |       |       |     1 |       ||     1
  Use: Scroll            |       |     5 |     6 |       ||    11
       Potion            |       |       |     4 |     2 ||     6
Armor: Scale mail        |    77 |   106 |    82 |       ||   265
       Ring mail         |       |       |    49 |    21 ||    70
Dodge: Dodged            |    42 |    45 |   132 |    28 ||   247
Block: Kite shield       |    48 |   140 |   303 |    57 ||   548
       Reflection        |       |     1 |    11 |       ||    12
